 Dungeon Crawl Stone Soup version 0.24-a0-48-g0ecae65 (webtiles) character file.

Game seed: 8934817113219523104

296 Lanoc the Chopper (level 6, -7/47 HPs)
             Began as a Demonspawn Gladiator on Feb 3, 2019.
             Splashed by Ijyb's acid (12 damage)
             ... on level 4 of the Dungeon.
             The game lasted 00:06:20 (3239 turns).

Lanoc the Chopper (Demonspawn Gladiator)            Turns: 3239, Time: 00:06:21

Health: -7/47      AC:  5    Str: 17    XL:     6   Next: 12%
Magic:  0/6        EV: 13    Int:  9    God:
Gold:   111        SH:  0    Dex: 14    Spells: 5/5 levels left

rFire    . . .     SeeInvis .   a - +0 war axe
rCold    . . .     Gourm    .   (no shield)
rNeg     . . .     Faith    .   b - +0 leather armour
rPois    .         Spirit   +   c - +0 helmet
rElec    .         Reflect  .   s - +0 cloak
rCorr    .         Harm     .   (no gloves)
MR       .....                  (no boots)
Stlth    +.........             (no amulet)
HPRegen  0.15/turn              (no ring)
MPRegen  0.10/turn              (no ring)

@: invisible
A: hooves 1, magic shield
a: no special abilities


You were on level 4 of the Dungeon.
You were not hungry.

You visited 1 branch of the dungeon, and saw 4 of its levels.

You collected 111 gold pieces.

Inventory:

Hand Weapons
 a - a +0 war axe (weapon)
Missiles
 d - 3 throwing nets (quivered)
 v - 41 bolts
Armour
 b - a +0 leather armour (worn)
 c - a +0 helmet (worn)
 s - a +0 cloak (worn)
Scrolls
 e - 7 scrolls of identify {unknown}
 h - 3 scrolls of teleportation {unknown}
 j - a scroll of blinking {unknown}
 k - a scroll of fog {unknown}
 m - 2 scrolls of remove curse {unknown}
 n - a scroll of immolation {unknown}
 q - a scroll of amnesia {unknown}
 u - a scroll of noise {unknown}
 x - a scroll of random uselessness {unknown}
 y - a scroll of fear {unknown}
Potions
 g - a potion of invisibility
 i - a potion of lignification {unknown}
 l - 4 potions of might
 o - a potion of cancellation {unknown}
 p - 4 potions of curing
 r - 2 potions of flight {unknown}
 t - a potion of mutation {unknown}
 w - a potion of haste {unknown}
 z - a potion of brilliance {unknown}
Comestibles
 f - 3 rations
 A - 3 chunks of flesh


   Skills:
 + Level 3.3 Fighting
 * Level 4.3 Axes
 - Level 1.7 Throwing
 + Level 2.3 Armour
 + Level 3.7 Dodging


You had 5 spell levels left.
You didn't know any spells.
Your spell library was empty.

Dungeon Overview and Level Annotations

Branches:
Dungeon (4/15)
 Temple: D:4-7

Altars:
Kikubaaqudgha

Annotations:
D:4 Ijyb


Innate Abilities, Weirdness & Mutations

You have large cloven feet.
When hurt, damage is shared between your health and your magic reserves.


Message History

The jackal closely misses you.
You barely miss the jackal. You kick the jackal.
You kill the jackal!
The goblin hits you but does no damage.
You miss the goblin. The goblin closely misses you.
You hit the goblin. You kick the goblin, but do no damage.
The goblin is heavily wounded.
The goblin barely misses you.
Ijyb zaps a wand.
The bolt of acid hits the goblin!
The goblin is splashed with acid.
The goblin dies!
The bolt of acid hits you!!
You are splashed with acid!
You hit the goblin.
The goblin is severely wounded.
You hit Ijyb but do no damage. Your kick misses Ijyb.
Ijyb zaps a wand.
The bolt of acid misses you. The goblin barely misses you.
You fade into invisibility!
Ijyb zaps a wand.
The bolt of acid hits you!
* * * LOW HITPOINT WARNING * * *
You are splashed with acid!
You die...

#..'.).'..≈≈≈#.
#...#..#...#..≈≈≈#.
#...#(.#########≈≈(
#...#(.........#≈≈(
#...#..........'..(
#...#........).'.(.
#...#..........'...
#gg.#..........#≈≈#
#'@##..#########≈≈#
#......# ≈≈##
#......+ ≈≈≈#
#......# .≈≈##
######## ###


You could see Ijyb and a goblin.

Vanquished Creatures
  A phantom (D:4)
  A hound (D:2)
  6 adders
  An ooze (D:2)
  3 worms
  7 dart slugs
  4 leopard geckos
  2 orcs (D:3)
  A ball python (D:3)
  7 giant cockroaches
  11 goblins
  8 hobgoblins
  10 jackals
  2 quokkas (D:3)
  10 bats
  3 frilled lizards
  9 kobolds
  5 rats
91 creatures vanquished.

Vanquished Creatures (others)
  A goblin (D:4)
  A plant (D:1)
2 creatures vanquished.

Grand Total: 93 creatures vanquished

Notes
Turn   | Place    | Note
-------+----------+-------------------------------------------
     0 | D:1      | Lanoc the Demonspawn Gladiator began the quest for the Orb.
     0 | D:1      | Reached XP level 1. HP: 16/16 MP: 1/1
    70 | D:1      | Gained mutation: You have large cloven feet. [demonic
                  | ancestry]
    70 | D:1      | Reached XP level 2. HP: 14/22 MP: 2/2
   363 | D:1      | Reached skill level 1 in Armour
   472 | D:1      | Reached skill level 3 in Axes
   472 | D:1      | Gained mutation: When hurt, damage is shared between your
                  | health and your magic reserves. [demonic ancestry]
   472 | D:1      | Reached XP level 3. HP: 28/28 MP: 3/3
   742 | D:2      | Found an ancient bone altar of Kikubaaqudgha.
  1306 | D:2      | Reached XP level 4. HP: 34/34 MP: 4/4
  1338 | D:2      | HP: 1/34 [hound (3)]
  2123 | D:3      | Reached XP level 5. HP: 40/40 MP: 5/5
  2839 | D:4      | Noticed a phantom
  2891 | D:4      | Killed a phantom
  2891 | D:4      | Reached skill level 4 in Axes
  2891 | D:4      | Reached XP level 6. HP: 7/47 MP: 2/6
  3231 | D:4      | Noticed Ijyb
  3239 | D:4      | Splashed by Ijyb's acid

Vault maps used:
D:1:      wander_arrival_lonely_grave, serial_forest,
          infiniplex_forest_lined_room_3, infiniplex_forest_clump_small,
          infiniplex_forest_end_double, infiniplex_forest_lined_corner,
          infiniplex_forest_straight_5, minmay_hexomino_u4
D:2:      kiku_gazebo_pond_becter, first_ration
D:3:      minmay_misc_feat_encased, st_stairs_1,
          hangedman_abyss_or_decor_lesser_grid
D:4:      kennysheep_goblin_castle, minmay_temple_entry_butterflies,
          serial_shops, nicolae_shop_statue_plus

Skill      XL: |  1  2  3  4  5 |
---------------+----------------+-----
Dodging        | 3 |  3.7
Armour         | 1 2 |  2.3
Axes           | 3 4 |  4.3
Fighting       | 3 |  3.3
Throwing       | |  1.7

Action                   |  1- 3 |  4- 6 || total
-------------------------+-------+-------++-------
Melee: War axe           |    96 |   146 ||   242
       Kick              |    24 |    37 ||    61
  Use: Potion            |       |     6 ||     6
 Stab: Invisible         |       |     1 ||     1
  Eat: Chunk             |     1 |     7 ||     8
Armor: Leather armour    |    34 |    43 ||    77
Dodge: Dodged            |    73 |   119 ||   192

Table legend:
 A = Non-vault XP
 B = Vault XP
 C = Vault XP percentage of total XP
 D = Non-vault monster count
 E = Vault monster count
 F = Vault count percentage of total count
                 A         B        C        D         E       F
            +---------+---------+-------+---------+---------+-------
      Total |     395 |      28 |   6.6 |      79 |      13 |  14.1
            +---------+---------+-------+---------+---------+-------
        D:1 |      42 |       9 |  17.6 |      19 |       3 |  13.6
        D:2 |     135 |       0 |   0.0 |      30 |       0 |   0.0
        D:3 |      69 |       4 |   5.5 |      26 |       2 |   7.1
        D:4 |     149 |      15 |   9.1 |       4 |       8 |  66.7
            +---------+---------+-------+---------+---------+-------
